 Dungeon Crawl Stone Soup version 0.30.1-11-g7821555f0a (webtiles) character file.

Game seed: 11524300842459731643

85 Martska the Ducker (level 4, -2/34 HPs)
             Began as a Human Gladiator on Dec 1, 2023.
             Killed from afar by Natasha (5 damage)
             ... with a magic dart
             ... on level 3 of the Dungeon.
             The game lasted 00:03:52 (1581 turns).

Martska the Ducker (Human Gladiator)                Turns: 1581, Time: 00:03:54

Health: -2/34      AC:  5    Str: 15    XL:     4   Next: 75%
Magic:  4/4        EV: 11    Int:  8    God:
Gold:   108        SH:  8    Dex: 16    Spells: 3/3 levels left

rFire   . . .        g - +1 short sword (speed)
rCold   . . .        h - +0 kite shield
rNeg    . . .        b - +0 leather armour
rPois   .            c - +1 helmet
rElec   .            (no cloak)
rCorr   .            (no gloves)
SInv    .            (no boots)
Will    .....        (no amulet)
Stlth   ++           m - ring of flight
HPRegen 0.25/turn    (no ring)
MPRegen 0.09/turn

%: no passive effects
@: flying
A: no striking features
a: no special abilities


You were on level 3 of the Dungeon.
You visited 1 branch of the dungeon, and saw 3 of its levels.

You collected 108 gold pieces.

Inventory:

Hand Weapons
 a - a +0 rapier
 g - a +1 short sword of speed (weapon)
Missiles
 d - 4 throwing nets (quivered)
 e - a javelin
 j - 2 silver javelins
Armour
 b - a +0 leather armour (worn)
 c - a +1 helmet (worn)
 h - a +0 kite shield (worn)
Jewellery
 m - a ring of flight (left hand)
Scrolls
 f - 2 scrolls of magic mapping {unknown}
 i - a scroll of noise
 l - a scroll of enchant armour
 n - a scroll of fear
 r - a scroll of fog {unknown}
 s - a scroll of silence {unknown}
Potions
 k - a potion of haste
 o - a potion of curing {unknown}
 p - a potion of degeneration {unknown}
 q - 2 potions of ambrosia {unknown}
 t - a potion of attraction {unknown}
 u - a potion of might {unknown}


   Skills:
 * Level 2.7 Fighting
 + Level 3.3 Short Blades
 - Level 2.0 Throwing
 * Level 3.5 Dodging
 * Level 2.0 Stealth
 * Level 1.2 Shields


You had 3 spell levels left.
You didn't know any spells.
Your spell library was empty.

Dungeon Overview and Level Annotations

Branches:
Dungeon (3/15)

Altars:

Annotations:
D:3 Natasha


Message History

Natasha casts a spell.
You hit Natasha.
Natasha is heavily wounded.
You hit Natasha.
Natasha is severely wounded.
You block Natasha's attack.
The cerulean imp hits you but does no damage.
You hit Natasha but do no damage.
Natasha is severely wounded.
Natasha howls an incantation.
You feel disoriented.
Natasha zaps a wand.
The roots erupt in riotous growth!
The grasping roots grab you!
Natasha is unaffected.
The grasping roots constrict you.
The cerulean imp hits you from afar with a +1 spear.
You hear a shout!
You completely miss Natasha.
Natasha is severely wounded.
You closely miss Natasha.
Natasha is severely wounded.
Natasha casts a spell.
The grasping roots constrict you.
The cerulean imp hits you from afar with a +1 spear.
The grasping roots release their grip on you.
You hit Natasha.
Natasha is almost dead.
Natasha claws you!
* * * LOW HITPOINT WARNING * * *
The cerulean imp barely misses you.
You barely miss Natasha.
Natasha is almost dead.
The cerulean imp hits you but does no damage.
Natasha closely misses you. You block the cerulean imp's attack.
You barely miss Natasha.
Natasha is almost dead.
The cerulean imp hits you with a +2 spear.
* * * LOW HITPOINT WARNING * * *
Natasha stares at you and mumbles some strange words.
The magic dart hits you.
You die...

..# ####..###
........ .
......####
..##....$..###
#............#
#....5..#
#.@...#
#..h..#
#..5...#
#........
..######...
... ## ....
####.


You could see Natasha and 2 cerulean imps.

Vanquished Creatures
  Terence (D:2)
  2 adders (D:2)
  A worm (D:2)
  4 endoplasms
  3 giant cockroaches (D:1)
  A goblin (D:2)
  5 hobgoblins
  2 jackals (D:2)
  4 kobolds (D:1)
  4 quokkas (D:1)
  A ball python (D:1)
  A bat (D:2)
  6 frilled lizards
  2 rats (D:1)
37 creatures vanquished.

Notes
Turn   | Place    | Note
-------+----------+-------------------------------------------
     0 | D:1      | Martska the Human Gladiator began the quest for the Orb.
     0 | D:1      | Reached XP level 1. HP: 16/16 MP: 1/1
   121 | D:1      | Reached XP level 2. HP: 9/22 MP: 2/2
   198 | D:1      | Reached skill level 1 in Stealth
   376 | D:1      | Reached XP level 3. HP: 16/27 MP: 3/3
  1113 | D:2      | Reached XP level 4. HP: 30/34 MP: 4/4
  1257 | D:2      | Reached skill level 1 in Shields
  1494 | D:3      | Noticed Terence
  1494 | D:3      | Noticed Natasha
  1516 | D:2      | Killed Terence
  1581 | D:3      | Killed from afar by Natasha

Illustrated notes

Levels and vault maps discovered:
D:1:      scummos_arrival_gate, layout_loops_ring, hangedman_decor_points,
          minmay_unequal
D:2:      layout_basic
D:3:      layout_rooms, uniq_ijyb, uniq_terence, uniq_natasha

Skill      XL: |  1  2  3  4 |
---------------+-------------+-----
Stealth        | 1 2 |  2.0
Shields        | 1 |  1.2
Fighting       | |  2.7
Short Blades   | |  3.3
Throwing       | |  2.0
Dodging        | |  3.5

Action                     |  1- 3 |  4- 6 || total
---------------------------+-------+-------++-------
  Melee: Rapier            |    19 |       ||    19
         Short sword       |   106 |    51 ||   157
    Use: Scroll            |     3 |       ||     3
         Potion            |       |     1 ||     1
   Stab: Sleeping          |     3 |     2 ||     5
 Armour: Leather armour    |    17 |    10 ||    27
  Dodge: Dodged            |    54 |    16 ||    70
  Block: Kite shield       |    27 |    10 ||    37
